 Dungeon Crawl Stone Soup version 0.29.1-12-g30fa7ad0bf (webtiles) character file.

Game seed: 15756524927170947729

2658 Coaxmetal the Cleaver (level 9, -2/81 HPs)
             Began as a Minotaur Berserker on Dec 19, 2022.
             Was a Priest of Trog.
             Slain by an orc
             ... wielding a +0 dagger
              (3 damage)
             ... on level 7 of the Dungeon.
             The game lasted 00:09:49 (8004 turns).

Coaxmetal the Cleaver (Minotaur Berserker)          Turns: 8004, Time: 00:09:50

Health: -2/81      AC:  3    Str: 24 (25) XL:     9   Next: 36%
Magic:  8/8        EV:  9    Int: 11 (12) God:    Trog [***...]
Gold:   347        SH:  0    Dex:  8 (9)  Spells: 8/8 levels left

rFire   . . .      SeeInvis .   H - +2 hand axe (vorpal)
rCold   + . .      Faith    .   (no shield)
rNeg    . . .      Spirit   .   y - +0 chain mail
rPois   .          Reflect  .   (helmet restricted)
rElec   .          Harm     .   C - +0 cloak {Stlth+}
rCorr   .          Rampage  .   (no gloves)
Will    ++...                   (no boots)
Stlth   ..........              (no amulet)
HPRegen 1.23/turn               o - +6 ring of intelligence
MPRegen 0.11/turn               F - ring of protection from cold

@: lethally poisoned (-2 -> -3), strong-willed (expiring), corroded, on berserk
cooldown, regenerating (expiring), slowed, very slow
A: horns 2, retaliatory headbutt
a: Renounce Religion, Berserk, Trog's Hand


You were on level 7 of the Dungeon.
You worshipped Trog.
Trog was most pleased with you.
You visited 1 branch of the dungeon, and saw 7 of its levels.

You collected 347 gold pieces.

Inventory:

Hand Weapons
 b - a +0 war axe
 H - a +2 vorpal hand axe (weapon)
Missiles
 d - 9 atropa-tipped darts
 r - 9 poisoned darts (quivered)
 x - 5 curare-tipped darts
Armour
 y - a +0 chain mail (worn)
 C - a +0 cloak of stealth (worn)
Jewellery
 f - a ring of positive energy
 o - a +6 ring of intelligence (left hand)
 q - a +6 ring of intelligence
 w - a ring of magical power
 F - a ring of protection from cold (right hand)
 G - a ring of ice
Wands
 n - a wand of flame (11)
 s - a wand of polymorph (10)
Scrolls
 a - a scroll of brand weapon {unknown}
 g - 8 scrolls of identify {unknown}
 i - a scroll of torment {unknown}
 l - 4 scrolls of vulnerability {unknown}
 m - a scroll of enchant weapon {unknown}
 p - 3 scrolls of noise {unknown}
 t - a scroll of blinking {unknown}
 u - a scroll of poison {unknown}
 v - 2 scrolls of summoning {unknown}
 A - a scroll of butterflies {unknown}
 D - 2 scrolls of teleportation {unknown}
Potions
 c - 2 potions of curing {unknown}
 h - a potion of mutation {unknown}
 j - a potion of degeneration
 k - 2 potions of flight {unknown}
 z - a potion of ambrosia {unknown}
 B - a potion of lignification {unknown}
 E - 2 potions of resistance {unknown}


   Skills:
 - Level 8.0 Fighting
 + Level 9.3 Axes
 - Level 5.0 Throwing
 + Level 7.1 Armour
 - Level 2.1 Dodging
 - Level 4.0 Stealth


You had 8 spell levels left.
You didn't know any spells.
Your spell library was empty.

Dungeon Overview and Level Annotations

Branches:
Dungeon (7/15)             Temple (0/1) D:7

Altars:
Ashenzari
Gozag
Kikubaaqudgha
Makhleb
Vehumet
Wu Jian

Shops:
D:3 *   D:4 *

Annotations:
D:6 3 runed translucent doors, sigtrap's ghost, novice SpCj


Innate Abilities, Weirdness & Mutations

You have a pair of horns on your head.
You reflexively headbutt those who attack you in melee.


Message History

Something hits you but does no damage. The water moccasin bites you.
You are more poisoned.
The water moccasin poisons you!
Unknown command.
You slash something! Trog accepts your kill.
Trog appreciates your killing of a magic user.
Reactivating autopickup.
You feel a bit more experienced.
You closely miss the water moccasin.
You feel very sick. The water moccasin bites you.
* * * LOW HITPOINT WARNING * * *
The water moccasin bites you!
* * * LOW HITPOINT WARNING * * *
You are more poisoned.
The water moccasin poisons you!
You barely miss the water moccasin.
You headbutt the water moccasin, but do no damage.
The water moccasin is severely wounded.
* * * LOW HITPOINT WARNING * * *
You feel very sick. The water moccasin bites you.
* * * LOW HITPOINT WARNING * * *
The water moccasin barely misses you. You furiously retaliate!
You headbutt the water moccasin! You hit the water moccasin.
You kill the water moccasin!
Trog accepts your kill.
* * * LOW HITPOINT WARNING * * *
You feel very sick.
Your Armour skill increases to level 7!
Unknown command.
It was a potion of degeneration.
There was something very wrong with that liquid.
You feel weakened.
You feel dopey.
You feel clumsy.
You feel the effects of Trog's Hand fading.
* * * LOW HITPOINT WARNING * * *
You feel very sick. The orc hits you but does no damage.
The orc hits you with a +0 dagger.
You die...

# #....!.........
'##.#...#.#...!....#
....#..#.#.#[......#
......#.#.#.#......#
.
......#.>.#.......#
...
#..#.#.#.#......#
....#..$#.#.#...)...
......))o#)#....#
.......@.).....##
..:[...........#
...............##
...
................#
...
####............#
#... #............#
#... ############.#
#... #####.### #...
#.......###(..


You could see an orc.

Vanquished Creatures
  Sigmund (D:3)
  Menkaure (D:5)
  Edmund (D:4)
  A water moccasin (D:7)
  A sky beast (D:7)
  3 black bears
  2 orc warriors
  An ogre (D:3)
  A centaur (D:7)
  2 necrophages (D:7)
  3 bullfrogs
  5 scorpions
  6 howler monkeys
  A crimson imp (D:5)
  2 jellies
  Crazy Yiuf (D:5)
  An orc priest (D:7)
  2 hounds (D:5)
  2 iguanas
  Natasha (thrice) (D:3)
  4 orc wizards
  4 gnolls (D:3)
  4 adders
  A shadow imp (D:6)
  2 white imps (D:5)
  4 dart slugs
  15 orcs
  3 endoplasms
  A giant cockroach (D:2)
  5 goblins
  5 hobgoblins
  7 jackals
  5 quokkas
  5 ball pythons
  5 bats
  6 frilled lizards
  9 kobolds
  3 rats (D:2)
  A butterfly (D:1)
129 creatures vanquished.

Vanquished Creatures (others)
  8 fungi
  3 plants (D:6)
11 creatures vanquished.

Grand Total: 140 creatures vanquished

Notes
Turn   | Place    | Note
-------+----------+-------------------------------------------
     0 | D:1      | Coaxmetal the Minotaur Berserker began the quest for the
                  | Orb.
     0 | D:1      | Reached XP level 1. HP: 19/19 MP: 0/0
    70 | D:1      | Found a faded altar of an unknown god.
   529 | D:1      | Reached XP level 2. HP: 27/27 MP: 1/1
   638 | D:1      | Reached skill level 4 in Axes
   990 | D:1      | Reached skill level 1 in Stealth
  1260 | D:2      | Reached XP level 3. HP: 31/33 MP: 2/2
  1825 | D:2      | Reached ** piety under Trog
  2246 | D:3      | Reached skill level 1 in Throwing
  2272 | D:3      | Noticed an ogre
  2280 | D:3      | Killed an ogre
  2281 | D:3      | Reached XP level 4. HP: 11/41 MP: 3/3
  2281 | D:3      | Reached XP level 5. HP: 13/47 MP: 4/4
  2576 | D:3      | HP: 2/47 [something (2)]
  2836 | D:3      | Found an opulent altar of Gozag.
  2848 | D:3      | Reached skill level 5 in Fighting
  2848 | D:3      | Reached skill level 5 in Axes
  3174 | D:3      | Found Gozag's Platinum Reserve.
  3388 | D:3      | Noticed Natasha
  3391 | D:3      | Killed Natasha
  3442 | D:3      | Noticed Sigmund
  3451 | D:3      | Killed Sigmund
  3452 | D:3      | Reached XP level 6. HP: 52/56 MP: 5/5
  3485 | D:3      | Noticed Natasha
  3486 | D:3      | Identified the +1 helmet of the Final Suns {+Blink rElec}
  3501 | D:3      | Killed Natasha
  3690 | D:3      | Noticed Natasha
  3699 | D:3      | Killed Natasha
  3714 | D:3      | Found an ornate altar of the Wu Jian Council.
  3936 | D:4      | Reached XP level 7. HP: 41/62 MP: 6/6
  4104 | D:4      | Found Aligg's General Store.
  4180 | D:4      | Found an ancient bone altar of Kikubaaqudgha.
  4250 | D:4      | Reached skill level 6 in Axes
  4627 | D:4      | Noticed Edmund
  4650 | D:4      | Killed Edmund
  5024 | D:5      | Entered Level 5 of the Dungeon
  5405 | D:5      | Reached XP level 8. HP: 33/71 MP: 7/7
  6010 | D:5      | Found a broken altar of Ashenzari.
  6085 | D:5      | Reached skill level 7 in Axes
  6106 | D:5      | Found a radiant altar of Vehumet.
  6106 | D:5      | Found a burning altar of Makhleb.
  6217 | D:5      | Noticed Menkaure
  6230 | D:5      | Killed Menkaure
  6522 | D:5      | Found a runed translucent door.
  6523 | D:5      | Noticed Crazy Yiuf
  6529 | D:5      | Killed Crazy Yiuf
  6774 | D:6      | Reached skill level 5 in Throwing
  6896 | D:6      | Found a runed translucent gate.
  6896 | D:6      | Found a runed translucent gate.
  6896 | D:6      | Found a runed translucent gate.
  6899 | D:6      | Noticed sigtrap's ghost (novice SpCj)
  6921 | D:6      | Reached skill level 5 in Armour
  7176 | D:6      | Reached skill level 8 in Axes
  7716 | D:7      | Reached XP level 9. HP: 52/81 MP: 8/8
  7952 | D:7      | Found a staircase to the Ecumenical Temple.
  7982 | D:7      | Reached skill level 9 in Axes
  8003 | D:7      | Reached *** piety under Trog
  8003 | D:7      | HP: 4/81 [poisoned by a water moccasin]
  8004 | D:7      | HP: 1/81 [poisoned by a water moccasin]
  8004 | D:7      | Slain by an orc

Illustrated notes

Levels and vault maps discovered:
D:1:      spicycebolla_arrival_clurvy, layout_loops_corners,
          dreamdust_ecumenical_altar_angels_and_demons
D:2:      layout_loops_ring
D:3:      layout_basic, nicolae_gozag_zags_fifth_avenue, marbit_many_paths,
          uniq_natasha, uniq_sigmund
D:4:      layout_loops_ring, mainiacjoe_overflow_paths, serial_shops, shop,
          uniq_edmund
D:5:      layout_loops_cross, nicolae_overflow_hidden_temple,
          grunt_temple_overflow_lords_of_destruction, serial_aquarium,
          aquarium_bridge_square [aquarium_subvault_window,
          aquarium_subvault_bridge, aquarium_subvault_bridge,
          aquarium_subvault_bridge], aquarium_bridge_straight
          [aquarium_subvault_bridge, aquarium_subvault_wall,
          aquarium_subvault_bridge, aquarium_subvault_wall],
          aquarium_window_fake, aquarium_window_1, aquarium_window_fake,
          aquarium_window_fake, aquarium_view_2b, aquarium_view_2a,
          aquarium_balcony_5a, uniq_menkaure, uniq_crazy_yiuf_cottage
D:6:      layout_gridville, gammafunk_ghost_nasty_kobolds,
          minmay_misc_feat_pillars
D:7:      lemuel_ice_statue, layout_basic, minmay_temple_entry_grid,
          nicolae_fountain_basement, uniq_maggie

Skill      XL: |  1  2  3  4  5  6  7  8  9 |
---------------+----------------------------+-----
Fighting       | 4 5 6 8 |  8.0
Axes           | 4 5 6 8 9 |  9.3
Stealth        | 1 2 3 4 |  4.0
Throwing       | 1 2 3 4 5 |  5.0
Armour         | 3 5 7 |  7.1
Dodging        | |  2.1

Action                   |  1- 3 |  4- 6 |  7- 9 || total
-------------------------+-------+-------+-------++-------
Melee: Hand axe          |   110 |    65 |    93 ||   268
       Headbutt          |    11 |    12 |    32 ||    55
       Unarmed           |       |     9 |       ||     9
       Punch             |       |     1 |     2 ||     3
       War axe           |       |       |    91 ||    91
Throw: Stone             |     3 |    15 |       ||    18
       Dart              |       |     6 |    42 ||    48
Invok: Berserk           |     1 |     1 |     2 ||     4
       Trog's Hand       |       |       |     3 ||     3
  Use: Potion            |       |     1 |     4 ||     5
 Stab: Sleeping          |     3 |     1 |       ||     4
       Invisible         |       |       |     1 ||     1
Armor: Animal skin       |    11 |    11 |     5 ||    27
       Skin              |       |     5 |       ||     5
       Chain mail        |       |       |    71 ||    71
Dodge: Dodged            |    77 |    21 |    92 ||   190
